 Dungeon Crawl Stone Soup version 0.24-a0-312-g16217b4a02 (webtiles) character file.

Game seed: 16774041456998735976

1349 HAL9000 the Slicer (level 8, -5/38 HPs)
             Began as a Vine Stalker Assassin on May 15, 2019.
             Slain by an orc warrior
             ... wielding a +0 scimitar
              (17 damage)
             ... on level 6 of the Dungeon.
             The game lasted 00:09:22 (4744 turns).

HAL9000 the Slicer (Vine Stalker Assassin)          Turns: 4744, Time: 00:09:22

Health: -5/38      AC:  7    Str: 14    XL:     8   Next: 63%
Magic:  0/9        EV: 10    Int: 12    God:
Gold:   194        SH:  4    Dex: 17    Spells: 4/7 levels left

rFire    . . .     SeeInvis +   a - +2 dagger
rCold    . . .     Gourm    .   A - +0 buckler
rNeg     . . .     Faith    .   B - +1 leather armour {rPois}
rPois    +         Spirit   +   (no helmet)
rElec    .         Reflect  .   c - +0 cloak
rCorr    .         Harm     .   (no gloves)
MR       +....                  p - +1 pair of boots
Stlth    +++.......             (no amulet)
HPRegen  0.52/turn              o - ring of see invisible
MPRegen  0.11/turn              (no ring)

@: about to teleport
A: fangs 3, regeneration 1, magic shield, antimagic bite, no potion heal 3, rot
immunity
a: no special abilities


You were on level 6 of the Dungeon.
You were hungry.

You visited 1 branch of the dungeon, and saw 7 of its levels.

You collected 338 gold pieces.
You spent 144 gold pieces at shops.

Inventory:

Hand Weapons
 a - a +2 dagger (weapon)
 D - a +1 dagger of holy wrath
Missiles
 d - 44 poisoned darts
 e - a curare-tipped dart (quivered)
 l - 7 boomerangs
Armour
 c - a +0 cloak (worn)
 p - a +1 pair of boots (worn)
 A - a +0 buckler (worn)
 B - a +1 leather armour of poison resistance (worn)
Jewellery
 o - a ring of see invisible (left hand)
Wands
 n - a wand of paralysis (8)
Scrolls
 g - 5 scrolls of teleportation
 i - a scroll of noise {unknown}
 j - 2 scrolls of enchant weapon {unknown}
 k - a scroll of enchant armour
 q - 2 scrolls of remove curse
 r - 3 scrolls of magic mapping {unknown}
 s - a scroll of random uselessness {unknown}
 t - a scroll of fog {unknown}
 w - a scroll of identify
 y - a scroll of amnesia {unknown}
 z - a scroll of fear {unknown}
Potions
 b - a potion of invisibility
 h - 3 potions of might
 m - 3 potions of lignification
 u - 3 potions of curing
 v - a potion of cancellation
 x - a potion of brilliance
 C - 2 potions of flight
Comestibles
 f - 13 rations


   Skills:
 - Level 1.7 Fighting
 + Level 9.6 Short Blades
 - Level 1.7 Throwing
 - Level 0.7 Dodging
 - Level 4.8 Stealth


You had 4 spell levels left.
You knew the following spells:

 Your Spells              Type           Power        Failure   Level  Hunger
a - Confuse               Hex            #.......     91%         3    ####...

Your spell library contained the following spells:

 Spells                   Type           Power        Failure   Level  Hunger
 Confusing Touch          Hex            #.....       56%         1    ##.....
 Gell's Gravitas          Tloc           #.........   91%         3    ####...
 Petrify                  Tmut/Erth      #.......     100%        4    #####..
 Metabolic Englaciation   Hex/Ice        #.........   100%        5    ######.
 Yara's Violent Unravell  Hex/Tmut       #.........   100%        5    ######.


Dungeon Overview and Level Annotations

Branches:
Dungeon (7/15)
 Temple: D:4-7

Altars:
Fedhas

Shops:
D:4 *   D:5 [


Innate Abilities, Weirdness & Mutations

You have razor-sharp teeth.
Your natural rate of healing is unusually fast.
When hurt, damage is shared between your health and your magic reserves.
Your bite disrupts and absorbs the magic of your enemies.
Potions cannot restore your health.
You are immune to rotting.


Message History

The orc warrior shouts!
The orc shouts!
The orc priest shouts!
The orc shouts!
The orc hits you but does no damage. The orc barely misses you.
The orc warrior hits you with a +0 scimitar!
There is a stone staircase leading up, spattered with blood here.
Unknown command.
There are monsters nearby!
Unknown command.
Okay, then.
You block the orc's attack. The orc priest hits you with a +0 whip.
The orc barely misses you. The orc closely misses you.
The orc warrior barely misses you.
You climb upwards.
There is a stone staircase leading down here.
Unknown command.
As you read the scroll of teleportation, it crumbles to dust.
You feel strangely unstable.
The orc priest mumbles some strange prayers to Beogh against you.
Beogh smites you! The orc hits you but does no damage.
The orc warrior hits you with a +0 scimitar!!
You die...

#.##.##.# #.##...#.#
#.##.##.# #.##.#.#.#
###.##.##.# #.##.#.#.#
.......#..# #.##.#.#.#
###.####.## #.##.#.#.#
#.# #.# ####........#
###.# #.# #oo.......###
....# #.# #o#####.###
##### #.# #@# #.# #.#
#o# #.# #.# #o# #.# #.#
#.# #.#
#.#######.#####.#
########.##..........(.#
..............(........#
#.#####.###.####.####.##
#.# #..........# #.#


You could see an orc warrior, an orc priest and 3 orcs.

Vanquished Creatures
  A sky beast (D:5)
  An ice beast (D:6)
  A phantom (D:5)
  5 ogres
  A centaur (D:5)
  A bullfrog (D:6)
  A howler monkey (D:4)
  A crimson imp (D:5)
  2 orc priests
  A centaur skeleton (D:4)
  A jelly (D:5)
  2 orc wizards
  An iguana (D:6)
  2 worker ants (D:4)
  5 adders
  An adder skeleton (D:5)
  5 worms
  2 dart slugs (D:2)
  6 leopard geckos
  16 orcs
  4 giant cockroaches
  8 goblins
  4 hobgoblins
  17 jackals
  2 quokkas
  2 ball pythons (D:1)
  5 bats
  6 frilled lizards
  11 kobolds
  3 leopard gecko skeletons
  10 rats
128 creatures vanquished.

Notes
Turn   | Place    | Note
-------+----------+-------------------------------------------
     0 | D:1      | HAL9000 the Vine Stalker Assassin began the quest for the
                  | Orb.
     0 | D:1      | Reached XP level 1. HP: 11/11 MP: 2/2
    12 | D:1      | Reached skill level 2 in Short Blades
    73 | D:1      | Reached XP level 2. HP: 11/15 MP: 0/3
   278 | D:1      | Reached skill level 3 in Short Blades
   404 | D:1      | Reached XP level 3. HP: 18/18 MP: 4/4
   810 | D:2      | Gained mutation: Your natural rate of healing is unusually
                  | fast. [Vine Stalker growth]
   810 | D:2      | Reached XP level 4. HP: 21/23 MP: 5/5
  1273 | D:3      | Reached skill level 4 in Short Blades
  1460 | D:3      | Reached XP level 5. HP: 21/26 MP: 3/6
  1945 | D:4      | Found Fisauh's General Store.
  1952 | D:4      | Bought a scroll of teleportation for 36 gold pieces
  1952 | D:4      | Bought a scroll of teleportation for 36 gold pieces
  1952 | D:4      | Bought a scroll of teleportation for 36 gold pieces
  2084 | D:4      | Bought a scroll of teleportation for 36 gold pieces
  2100 | D:4      | Reached skill level 5 in Short Blades
  2234 | D:4      | Noticed an ogre
  2241 | D:4      | Killed an ogre
  2241 | D:4      | Reached XP level 6. HP: 27/30 MP: 5/7
  2323 | D:4      | Reached skill level 6 in Short Blades
  2412 | D:4      | HP: 1/30 [ogre/+0 giant club (15)]
  2417 | D:4      | Reached XP level 7. HP: 3/34 MP: 0/8
  2903 | D:5      | Entered Level 5 of the Dungeon
  2962 | D:5      | Reached skill level 7 in Short Blades
  3250 | D:5      | Reached skill level 8 in Short Blades
  3250 | D:5      | Gained mutation: You have razor-sharp teeth. [Vine Stalker
                  | growth]
  3250 | D:5      | Reached XP level 8. HP: 28/38 MP: 9/9
  4024 | D:5      | Found Wozom's Armour Shoppe.
  4109 | D:6      | Reached skill level 9 in Short Blades
  4288 | D:6      | Found a blossoming altar of Fedhas.
  4540 | D:6      | Learned a level 3 spell: Confuse
  4744 | D:6      | Slain by an orc warrior

Levels and vault maps discovered:
D:1:      minmay_arrival_stone_box, layout_basic, minmay_misc_feat_tiny,
          due_unseen_surprise
D:2:      layout_rooms, first_ration
D:3:      layout_rooms
D:4:      layout_loops_ring, serial_shops, shop
D:5:      wander_river, layout_loops_corners, serial_shops, shop
D:6:      layout_loops_ring, fedhas_altar_1
D:7:      layout_rooms, minmay_temple_entry_offerings

Skill      XL: |  1  2  3  4  5  6  7  8 |
---------------+-------------------------+-----
Short Blades   | 2 3 4 5 6 8 9 |  9.6
Fighting       | |  1.7
Throwing       | |  1.7
Dodging        | |  0.7
Stealth        | |  4.8

Action                   |  1- 3 |  4- 6 |  7- 9 || total
-------------------------+-------+-------+-------++-------
Melee: Dagger            |   125 |   174 |   223 ||   522
       Bite              |    25 |    51 |    71 ||   147
Throw: Dart              |       |     7 |     4 ||    11
  Use: Scroll            |       |     4 |    10 ||    14
 Stab: Sleeping          |     4 |    12 |     6 ||    22
       Distracted        |       |       |     1 ||     1
  Eat: Chunk             |       |     5 |     7 ||    12
Armor: Robe              |    42 |     2 |       ||    44
       Leather armour    |       |    30 |    31 ||    61
Dodge: Dodged            |    58 |    71 |    50 ||   179
Block: Buckler           |       |     5 |    25 ||    30

Table legend:
 A = Non-vault XP
 B = Vault XP
 C = Vault XP percentage of total XP
 D = Non-vault monster count
 E = Vault monster count
 F = Vault count percentage of total count
                 A         B        C        D         E       F
            +---------+---------+-------+---------+---------+-------
      Total |    1928 |       0 |   0.0 |     128 |       0 |   0.0
            +---------+---------+-------+---------+---------+-------
        D:1 |      34 |       0 |   0.0 |      24 |       0 |   0.0
        D:2 |      75 |       0 |   0.0 |      32 |       0 |   0.0
        D:3 |      97 |       0 |   0.0 |      23 |       0 |   0.0
        D:4 |     512 |       0 |   0.0 |      15 |       0 |   0.0
        D:5 |     834 |       0 |   0.0 |      27 |       0 |   0.0
        D:6 |     376 |       0 |   0.0 |       7 |       0 |   0.0
            +---------+---------+-------+---------+---------+-------
